Map: Frozen Temple

Players

Dark - Winner!

  • Race: Zerg Zerg

Elazer

  • Race: Zerg Zerg

Event: 2016 WCS Global Finals

VOD

Have the link to the VOD?

Description

Time

  • Played on: Nov. 5, 2016, 3:02 p.m.
  • Length: 6:52

All games in this series

Show
View Real Time Build Order
Export as new Build Order

Dark Zerg - Winner!

Build Orders: Hatch First 

Get SALT Encoding   

  12  0:00  Drone  
  13  0:12  Overlord  
  13  0:17  Drone  
  14  0:30  Drone x2  
  14  0:34  Drone  
  17  0:46  Drone  
  18  0:54  Hatchery  
  17  0:58  Drone  
  17  1:00  Extractor  
  17  1:12  Spawning Pool  
  17  1:15  Drone  
  17  1:19  Drone  
  18  1:29  Drone  
  19  1:40  Overlord  
  19  1:52  Drone  
  20  1:59  Queen  
  20  2:00  Zergling x2  
  23  2:06  Queen  
  23  2:07  Drone, Metabolic Boost  
  26  2:13  Zergling x2  
  27  2:17  Zergling x2  
  28  2:23  Drone  
  29  2:30  Drone  
  29  2:35  Drone  
  31  2:40  Drone  
  32  2:51  Hatchery  
  31  2:53  Overlord  
  31  3:04  Roach Warren  
  30  3:06  Drone x4  
  34  3:16  Drone  
  34  3:17  Overlord  
  34  3:19  Overlord  
  35  3:35  Zergling x12  
  35  3:40  Zergling x6  
  44  3:45  Zergling x4  
  44  3:46  Zergling x2  
  46  4:02  Roach x3  
  46  4:08  Roach  
  48  4:10  Roach x3  
  48  4:13  Roach  
  48  4:16  Roach  
  58  4:25  Roach, Overlord  
  58  4:27  Drone  
  58  4:29  Extractor  
  60  4:34  Zergling x6  
  60  4:37  Ravager x2  
  64  4:38  Zergling x2  
  65  4:48  Zergling x2  
  65  4:49  Zergling x8  
  70  4:53  Zergling x4  
  70  4:58  Overlord  
  72  5:06  Ravager  
  73  5:09  Zergling x2  
  71  5:25  Roach x5  
  71  5:27  Roach  
  82  5:31  Overlord x2  
  81  5:37  Overlord  
  81  5:48  Zergling x2  
  82  5:51  Zergling x8  
  82  5:52  Zergling x4  
  82  5:55  Zergling x2  
  82  5:56  Ravager  
  91  5:57  Ravager  
  91  5:59  Zergling x2  
  91  6:03  Zergling x4  
  94  6:06  Zergling x2  
  94  6:15  Zergling x4  
  94  6:16  Zergling x4, Ravager  
  93  6:18  Zergling x2  
  90  6:26  Zergling x2  
  91  6:33  Zergling x6  
  91  6:34  Zergling x2  
  87  6:50  Ravager x3  
Show
View Real Time Build Order
Export as new Build Order

Elazer Zerg 

Build Orders: Pool First 

Get SALT Encoding   

  12  0:00  Drone  
  13  0:13  Overlord  
  13  0:17  Drone  
  14  0:31  Drone x2  
  14  0:35  Drone  
  17  0:44  Spawning Pool  
  17  0:47  Drone  
  17  1:07  Hatchery  
  17  1:10  Drone  
  17  1:13  Extractor  
  16  1:20  Drone  
  16  1:24  Drone  
  18  1:31  Queen  
  18  1:32  Zergling x2  
  21  1:39  Overlord  
  21  1:58  Drone  
  22  2:06  Queen  
  24  2:12  Metabolic Boost  
  24  2:15  Drone x2  
  26  2:20  Drone  
  27  2:23  Zergling x2  
  28  2:32  Drone  
  28  2:35  Drone  
  30  2:40  Drone x2  
  32  2:48  Evolution Chamber  
  31  2:51  Overlord  
  31  2:55  Roach Warren  
  30  3:00  Zergling x8  
  30  3:04  Zergling x2  
  35  3:11  Zergling x2  
  35  3:12  Zergling x6  
  39  3:17  Zergling x2  
  40  3:20  Zergling x2  
  40  3:23  Zergling x2  
  40  3:25  Zergling x2  
  43  3:37  Overlord  
  43  3:38  Overlord  
  43  3:40  Zergling x2  
  41  3:58  Roach  
  41  3:59  Roach x5  
  43  4:05  Roach x3  
  49  4:10  Roach  
  49  4:14  Roach  
  53  4:26  Overlord  
  53  4:27  Roach x2  
  57  4:34  Roach  
  57  4:35  Overlord  
  59  4:42  Overlord  
  59  4:45  Roach  
  61  4:48  Roach  
  62  4:53  Roach  
  62  4:57  Zergling x4  
  62  4:58  Zergling x2  
  67  5:03  Zergling x2  
  67  5:04  Zergling x2  
  69  5:09  Overlord  
  69  5:10  Zergling x2  
  70  5:15  Zergling x2  
  70  5:16  Zergling x2  
  70  5:19  Zergling x4  
  72  5:26  Zergling x2  
  72  5:27  Zergling x2  
  74  5:29  Ravager  
  74  5:33  Zergling x6  
  78  5:36  Zergling x2  
  78  5:38  Zergling x2  
  78  5:41  Zergling x2  
  81  5:45  Ravager  
  81  5:46  Zergling x2  
  83  5:52  Drone  
  83  5:53  Drone x2  
  86  6:01  Drone x2  
  86  6:02  Drone x2  
  90  6:04  Extractor  
  90  6:05  Drone  
  90  6:09  Drone  
  91  6:11  Drone  
Tags
 
Add a new tag
Caveats
  • Supply blocks, unpowered buildings, or Contaminate may cause inaccurate times.
  • Supply counts are checked every 10 seconds.